AoeStats
← Mycorrhizal

Arabia

509968016Analyzed
4v4 RM · 3d ago on Sep 28, 2026· 24m 14s· 8 players
Game mode
Random Map
Map size
Large (8 player)
Population
200
Speed
Normal
Resources
Standard
Victory
Conquest
Starting age
Dark Age
Ending age
Imperial Age
RankedLock teamsTeams togetherTeam positionsShared explorationLock speedFull tech treeHidden civsTurbo modeCheats
Victory
Defeat
🇺🇸 Huns · United States
1493
+14
🇦🇹 Hindustanis · Austria
1458
+16
🇨🇦 Ethiopians · Canada
1454
+16
🇳🇱 Saxons · Netherlands
1452
+16
🇺🇸 Persians · United States
1533
-19
🇺🇸 Britons · United States
1482
-17
🇦🇱 Vietnamese · Albania
1421
-14
🇺🇸 Franks · United States
1358
-12
MenaChuuni
7:05 Loom
9:13 Feudal Age
11:35 Horse Collar
11:50 Double-Bit Axe
16:38 Forging
17:33 Scale Barding Armor
21:53 Bloodlines
24:51 Castle Age
Mycorrhizal
6:25 Loom
9:04 Feudal Age
10:07 Double-Bit Axe
15:02 Fletching
16:57 Padded Archer Armor
20:08 Gold Mining
jaktol
8:38 Feudal Age
7:12 Loom
9:18 Double-Bit Axe
9:28 Horse Collar
17:24 Scale Barding Armor
19:02 Forging
20:27 Wheelbarrow
20:39 Bloodlines
24:42 Castle Age
Window_of_Opportunity
7:02 Loom
9:16 Feudal Age
12:33 Double-Bit Axe
13:30 Fletching
17:03 Padded Archer Armor
23:51 Castle Age
23:45 Horse Collar
23:56 Gold Mining
23:57 Crossbowman
24:33 Bodkin Arrow
24:50 Bow Saw
Coolman916
6:58 Loom
9:11 Feudal Age
11:42 Double-Bit Axe
14:13 Fletching
18:05 Padded Archer Armor
DMenisDenisTTV
7:17 Loom
9:45 Feudal Age
16:05 Double-Bit Axe
21:58 Castle Age
20:32 Scale Barding Armor
21:57 Gold Mining
22:27 Forging
ForceWiz
6:13 Loom
9:16 Feudal Age
9:44 Double-Bit Axe
11:02 Horse Collar
18:52 Scale Barding Armor
20:47 Forging
21:26 Bloodlines
22:38 Wheelbarrow
Pyrro
6:40 Loom
6:49 Loom
9:33 Feudal Age
11:52 Fletching
13:12 Double-Bit Axe
15:27 Padded Archer Armor
Connection lost

Rejoining the realm…

Still unreachable

The connection could not be restored.

Session expired

The server has moved on; the page needs a fresh start.